Map: [ESL] Data-C

Players

Creator

  • Race: Protoss Protoss
  • Spawn Location: 9:00

TIME (Oliveira) - Winner!

  • Race: Terran Terran
  • League: Grandmaster
  • Spawn Location: 3:00

Event: TSL 9

VOD

Have the link to the VOD?

Description

Time

  • Played on: Aug. 5, 2022, 9:12 a.m.
  • Length: 12:51

All games in this series

Show
View Real Time Build Order
Export as new Build Order

Creator Protoss 

Build Orders: Blink Stalkers, Colossus Rush 

Get SALT Encoding   

  12  0:00  Probe  
  13  0:12  Probe  
  14  0:18  Pylon  
  14  0:24  Probe  
  15  0:36  Probe (Chrono Boost)  
  15  0:37  Gateway  
  16  0:47  Probe (Chrono Boost), Assimilator  
  17  0:52  Probe (Chrono Boost)  
  18  1:03  Probe  
  19  1:15  Probe  
  20  1:27  Cybernetics Core  
  20  1:30  Probe  
  21  1:36  Pylon  
  21  1:52  Nexus  
  21  1:55  Probe  
  21  2:00  Warp Gate  
  21  2:01  Assimilator  
  22  2:04  Adept (Chrono Boost)  
  24  2:13  Probe  
  25  2:25  Probe  
  25  2:26  Adept  
  28  2:37  Probe  
  28  2:39  Twilight Council  
  29  2:49  Probe  
  30  3:03  Stalker  
  30  3:04  Probe (Chrono Boost)  
  34  3:06  Probe (Chrono Boost)  
  35  3:13  Gateway, Probe (Chrono Boost)  
  35  3:14  Blink (Chrono Boost)  
  35  3:16  Probe (Chrono Boost)  
  36  3:21  Probe  
  37  3:32  Gateway  
  37  3:34  Robotics Facility  
  37  3:36  Probe  
  37  3:38  Probe  
  39  3:44  Pylon  
  39  3:48  Stalker  
  39  3:50  Probe  
  39  3:51  Probe  
  42  4:07  Probe (Chrono Boost)  
  42  4:08  Probe (Chrono Boost)  
  30  4:19  Probe (Chrono Boost)  
  30  4:20  Probe (Chrono Boost)  
  30  4:21  Observer  
  33  4:26  Probe (Chrono Boost)  
  33  4:27  Probe (Chrono Boost)  
  35  4:33  Probe x2  
  35  4:34  Stalker  
  39  4:39  Assimilator  
  39  4:40  Assimilator  
  39  4:41  Stalker  
  39  4:45  Probe x2  
  43  4:57  Probe x2  
  45  5:01  Pylon  
  45  5:07  Robotics Bay  
  45  5:09  Probe (Chrono Boost)  
  45  5:12  Probe (Chrono Boost)  
  47  5:17  Observer  
  50  5:21  Probe (Chrono Boost)  
  50  5:23  Probe (Chrono Boost)  
  51  5:29  Probe x2 (Chrono Boost)  
  51  5:33  Nexus  
  51  5:35  Pylon  
  52  5:36  Probe x2  
  52  5:37  Observer  
  54  5:43  Sentry  
  54  5:44  Stalker  
  54  5:48  Probe x2  
  60  5:56  Observer  
  60  5:58  Colossus (Chrono Boost)  
  60  6:02  Probe x2  
  68  6:13  Observer, Extended Thermal Lance  
  68  6:14  Probe x2  
  68  6:15  Pylon  
  70  6:33  Probe x2  
  70  6:39  Shield Battery  
  72  6:40  Sentry  
  72  6:44  Colossus (Chrono Boost)  
  72  6:46  Probe (Chrono Boost)  
  77  6:48  Observer  
  77  6:49  Charge (Chrono Boost)  
  77  6:50  Probe x2 (Chrono Boost)  
  77  6:51  Pylon  
  83  6:56  Shield Battery, Probe (Chrono Boost)  
  83  6:59  Probe x2 (Chrono Boost)  
  86  7:02  Probe  
  86  7:07  Zealot, Stalker x2  
  93  7:11  Gateway  
  93  7:24  Gateway  
  93  7:25  Colossus (Chrono Boost)  
  79  7:37  Stalker x2  
  79  7:38  Stalker  
  85  7:44  Probe x2  
  85  7:45  Probe  
  88  8:01  Zealot x3  
  88  8:05  Dark Shrine  
  94  8:06  Nexus  
  94  8:12  Pylon  
  86  8:23  Pylon  
  86  8:24  Pylon  
  86  8:26  Pylon  
  85  8:28  Observer  
  85  8:38  Warp Prism (Chrono Boost)  
  83  8:42  Probe  
  83  8:44  Probe  
  83  8:46  Twilight Council  
  83  8:47  Stalker x3  
  93  8:55  Pylon  
  93  8:57  Probe  
  93  8:58  Observer  
  93  9:02  Pylon  
  94  9:13  Probe  
  94  9:14  Probe  
  96  9:17  Colossus  
  96  9:18  Sentry, Forge  
  104  9:24  Probe  
  104  9:25  Probe  
  104  9:26  Dark Shrine, Probe  
  104  9:28  Shield Battery, Sentry x2  
  111  9:37  Probe  
  113  9:38  Probe  
  113  9:40  Pylon  
  113  9:42  Stalker, Pylon  
  113  9:43  Stalker  
  113  9:45  Stalker  
  119  9:48  Protoss Ground Weapons Level 1 (Chrono Boost)  
  119  9:52  Pylon  
  119  9:55  Pylon  
  119  10:07  Probe x2  
  119  10:08  Probe  
  119  10:09  Disruptor (Chrono Boost)  
  125  10:15  Gateway x2  
  125  10:20  Robotics Facility  
  125  10:21  Photon Cannon  
  125  10:33  Probe x3, Assimilator  
  125  10:34  Assimilator  
  128  10:35  Pylon  
  128  10:39  Nexus  
  128  10:42  Dark Templar  
  133  10:44  Dark Templar  
  133  10:45  Disruptor (Chrono Boost)  
  133  10:49  Photon Cannon  
  135  10:56  Pylon  
  135  10:59  Zealot x3  
  135  11:02  Probe x3  
  144  11:06  Disruptor (Chrono Boost)  
  144  11:11  Disruptor (Chrono Boost)  
  147  11:25  Photon Cannon  
  147  11:26  Shield Battery  
  147  11:32  Disruptor (Chrono Boost)  
  147  11:33  Probe x3, Pylon  
  147  11:36  Nexus, Pylon  
  147  11:37  Disruptor (Chrono Boost)  
  153  11:45  Dark Templar x2  
  160  11:47  Probe x3  
  160  11:49  Archon  
  163  11:55  Photon Cannon  
  163  11:56  Shield Battery  
  163  11:58  Photon Cannon  
  163  12:00  Shield Battery  
  163  12:06  Disruptor  
  145  12:24  Zealot  
  145  12:25  Zealot x4  
Show
View Real Time Build Order
Export as new Build Order

TIME Terran - Winner!

Build Orders:  

Get SALT Encoding   

  12  0:00  SCV  
  13  0:12  SCV  
  14  0:17  Supply Depot  
  14  0:24  SCV  
  15  0:39  SCV, Barracks  
  16  0:47  Refinery  
  16  0:51  SCV  
  17  1:03  SCV  
  18  1:07  Engineering Bay  
  18  1:15  SCV  
  18  1:26  Marine  
  18  1:27  Orbital Command  
  19  1:33  Supply Depot  
  19  1:44  Marine  
  20  1:48  Factory  
  20  1:53  SCV  
  21  2:05  SCV  
  21  2:08  Barracks Reactor  
  22  2:17  SCV  
  22  2:20  Command Center  
  24  2:30  SCV  
  24  2:44  Starport  
  24  2:45  Supply Depot  
  24  2:48  Hellion x2  
  29  2:51  SCV  
  29  3:04  SCV  
  30  3:09  Hellion  
  30  3:10  Hellion  
  34  3:17  SCV  
  34  3:19  Refinery  
  35  3:20  Medivac  
  37  3:29  Barracks  
  37  3:32  Orbital Command  
  37  3:34  SCV  
  37  3:37  Factory Tech Lab  
  38  3:41  Marine x2  
  38  3:47  SCV  
  41  4:00  Siege Tank, Marine  
  45  4:03  SCV, Marine  
  45  4:08  Orbital Command  
  43  4:16  SCV  
  40  4:19  Barracks Tech Lab  
  40  4:23  Bunker, Marine x2  
  42  4:28  SCV  
  43  4:32  Siege Tank  
  43  4:35  SCV  
  47  4:39  Supply Depot, Marine  
  47  4:41  SCV  
  47  4:43  Marine  
  50  4:46  Stimpack  
  50  4:47  SCV  
  51  4:58  Marine  
  51  4:59  Marine  
  52  5:00  Engineering Bay, Supply Depot, SCV  
  52  5:03  SCV  
  55  5:10  Barracks  
  55  5:13  SCV  
  56  5:15  SCV  
  56  5:17  Marine x2  
  56  5:18  Marine  
  60  5:23  Supply Depot, Refinery  
  60  5:25  SCV  
  60  5:27  SCV, Terran Infantry Weapons Level 1  
  62  5:33  Factory Reactor  
  62  5:34  Starport Reactor  
  62  5:35  Marine x2  
  64  5:37  SCV  
  64  5:38  Supply Depot  
  64  5:39  SCV  
  64  5:40  Marauder  
  68  5:49  SCV  
  69  5:51  SCV  
  69  5:53  Supply Depot, Marine x2  
  72  5:57  Combat Shield, Marauder  
  72  6:01  Refinery, SCV  
  72  6:02  Marauder  
  72  6:03  SCV  
  78  6:09  Supply Depot  
  78  6:10  Marine  
  78  6:11  Marine  
  80  6:13  SCV  
  80  6:14  Widow Mine x2  
  85  6:19  Marauder  
  85  6:20  SCV  
  85  6:23  Marauder  
  90  6:28  Supply Depot, Marine x2  
  90  6:29  Concussive Shells  
  90  6:31  Medivac  
  92  6:34  Medivac  
  94  6:45  Missile Turret  
  94  6:46  Missile Turret, Marine x2  
  96  6:47  Marauder  
  96  6:48  Widow Mine  
  96  6:52  Marauder  
  102  6:54  Supply Depot  
  102  6:57  Widow Mine  
  104  7:05  Medivac x2  
  107  7:11  Marine  
  107  7:12  Marine  
  107  7:14  Command Center  
  108  7:17  Marauder  
  108  7:20  Marauder  
  108  7:22  SCV  
  112  7:24  Supply Depot  
  112  7:26  Terran Infantry Armor Level 1  
  109  7:33  Marine x2  
  95  7:38  Marauder  
  97  7:46  Medivac x2  
  97  7:50  Widow Mine x2  
  103  7:51  Marine x2  
  103  7:52  SCV, Marauder  
  108  7:59  Marine  
  108  8:01  SCV  
  110  8:09  Marine  
  110  8:13  Marauder  
  103  8:25  SCV x2  
  103  8:27  Orbital Command  
  105  8:28  Barracks, Viking  
  105  8:29  Barracks  
  105  8:32  Marine x2  
  105  8:33  Marauder  
  105  8:41  Viking  
  105  8:43  SCV x2  
  105  8:45  Orbital Command  
  107  8:51  Armory  
  107  8:52  Engineering Bay  
  107  8:54  Marine  
  107  8:56  SCV  
  107  9:00  Marauder  
  110  9:04  Marauder  
  110  9:05  SCV  
  110  9:07  Marine  
  110  9:08  SCV  
  115  9:10  SCV  
  115  9:12  Viking  
  118  9:18  Viking  
  118  9:20  Barracks Reactor, Barracks Tech Lab  
  118  9:21  SCV  
  121  9:24  SCV, Missile Turret  
  121  9:25  SCV  
  121  9:28  Marauder  
  125  9:32  Marauder  
  125  9:35  Marine x2  
  125  9:37  SCV  
  130  9:41  Supply Depot  
  130  9:42  Bunker, Marauder  
  130  9:44  Terran Infantry Weapons Level 2  
  132  9:48  Terran Infantry Armor Level 2  
  132  9:50  Marauder  
  132  10:03  Marauder x2, Marine x2  
  132  10:04  Marine x2  
  132  10:05  Viking x2  
  132  10:06  SCV x2  
  142  10:12  Supply Depot  
  142  10:16  Marauder  
  142  10:17  Command Center  
  142  10:19  Terran Ship Weapons Level 1  
  142  10:22  Supply Depot, Marine x2  
  142  10:23  Marine  
  142  10:24  Marine  
  146  10:28  Refinery  
  146  10:29  Refinery  
  146  10:30  Ghost Academy  
  146  10:32  Marauder  
  146  10:34  SCV x2, Marauder  
  152  10:38  Viking  
  152  10:42  Viking  
  156  10:45  Marine x2  
  156  10:46  Marine x2  
  162  10:58  Supply Depot, Sensor Tower  
  162  10:59  Supply Depot  
  162  11:01  Ghost x2  
  164  11:05  SCV  
  164  11:10  SCV, Marine x3, Ghost  
  171  11:18  Viking  
  171  11:20  Viking  
  171  11:23  Marine  
  171  11:25  Enhanced Shockwaves  
  176  11:29  Planetary Fortress  
  176  11:30  Marine x2  
  176  11:32  Missile Turret, Marine, Ghost  
  181  11:37  Ghost  
  183  11:40  Marine  
  183  11:50  Medivac, Marine  
  186  11:59  Marauder  
  186  12:00  Barracks  
  190  12:01  Barracks, Marauder  
  190  12:02  Barracks  
  190  12:07  Marine  
  190  12:08  Marauder  
  191  12:22  Marauder, Marine  
  177  12:28  Marine x2  
  177  12:29  Marauder  
  163  12:33  Marine  
Tags
 
Add a new tag
Caveats
  • Supply blocks, unpowered buildings, or Contaminate may cause inaccurate times.
  • Supply counts are checked every 10 seconds.